 Dungeon Crawl Stone Soup version 0.27.1-4-g1640c2035a (webtiles) character file.

Game seed: 10680668146188054743

247 Stomo444 the Cudgeller (level 6, 0/33 HPs)
             Began as a Vine Stalker Monk on Nov 10, 2021.
             Was a Priest of Uskayaw.
             Slain by an orc priest (2 damage)
             ... on level 4 of the Dungeon.
             The game lasted 00:04:35 (3271 turns).

Stomo444 the Cudgeller (Vine Stalker Monk)          Turns: 3271, Time: 00:04:36

Health: 0/33       AC:  2    Str: 16    XL:     6   Next: 11%
Magic:  0/11       EV: 13    Int: 10    God:    Uskayaw [***...]
Gold:   66         SH:  0    Dex: 16    Spells: 10/10 levels left

rFire    . . .     SeeInvis .   d - +1 whip (drain)
rCold    . . .     Faith    .   (no shield)
rNeg     . . .     Spirit   +   b - +0 robe
rPois    .         Reflect  .   (no helmet)
rElec    .         Harm     .   (no cloak)
rCorr    .         Rampage  .   (no gloves)
Will     .....                  (no boots)
Stlth    ++........             (no amulet)
HPRegen  1.11/turn              (no ring)
MPRegen  0.12/turn              (no ring)

@: no status effects
A: fangs 2, regeneration 1, magic shield, antimagic bite, no potion heal 2
a: Renounce Religion, Stomp, Line Pass


You were on level 4 of the Dungeon.
You worshipped Uskayaw.
Uskayaw was noncommittal.
You visited 1 branch of the dungeon, and saw 4 of its levels.

You collected 66 gold pieces.

Inventory:

Hand Weapons
 a - a +0 mace
 d - a +1 whip of draining (weapon)
Armour
 b - a +0 robe (worn)
Scrolls
 c - a scroll of vulnerability {unknown}
 f - 3 scrolls of enchant weapon {unknown}
 g - a scroll of amnesia {unknown}
 h - a scroll of fog {unknown}
 j - a scroll of immolation {unknown}
Potions
 e - a potion of resistance {unknown}
 i - a potion of curing {unknown}
 k - a potion of degeneration {unknown}


   Skills:
 - Level 3.7 Fighting
 - Level 3.7 Maces & Flails
 - Level 3.4 Dodging
 - Level 2.4 Stealth
 + Level 2.6 Spellcasting
 - Level 0.5 Invocations


You had 10 spell levels left.
You didn't know any spells.
Your spell library contained the following spells:

 Spells                   Type           Power      Damage    Failure   Level
 Blink                    Tloc           N/A        N/A       41%         2
 Lesser Beckoning         Tloc           0%         N/A       65%         3
 Portal Projectile        Hex/Tloc       2%         N/A       65%         3
 Blade Hands              Tmut           0%         N/A       100%        5
 Excruciating Wounds      Necr           0%         N/A       100%        5
 Manifold Assault         Tloc           1%         N/A       100%        5


Dungeon Overview and Level Annotations

Branches:
Dungeon (4/15)
 Temple: D:4-7

Altars:
Uskayaw

Shops:
D:3 [

Annotations:
D:3 2 transporters, pkoi's ghost, amateur TrMo


Innate Abilities, Weirdness & Mutations

You have extremely sharp teeth.
Your natural rate of healing is unusually fast.
When hurt, damage is shared between your health and your magic reserves.
Your bite disrupts and absorbs the magic of your enemies.
Potions cannot restore your health.


Message History

The giant cockroach bites you but does no damage.
The iguana completely misses you. The orc priest barely misses you.
A dart slug comes into view.
The giant cockroach bites you.
You can now pass through a line of other dancers.
You hit the iguana but do no damage. You drain the iguana.
You kill the iguana!
The orc priest hits you from afar with a +0 trident.
The giant cockroach closely misses you.
You have reached level 6!
Your experience leads to an increase in your attributes!
Increase (S)trength, (I)ntelligence, or (D)exterity?
You feel stronger.
You hit the howler monkey. You drain the howler monkey.
You bite the howler monkey, but do no damage.
The howler monkey is moderately wounded.
The howler monkey barely misses you. The giant cockroach bites you.
The orc priest hits you from afar with a +0 trident.
Uskayaw will force your foes to helplessly watch your dance.
Uskayaw prepares the audience for your solo!
The helpless howler monkey fails to defend itself.
You hit the howler monkey.
The howler monkey is heavily wounded.
The howler monkey is no longer paralysed.
The orc priest is no longer paralysed.
The giant cockroach is no longer paralysed.
The howler monkey hits you but does no damage.
The giant cockroach misses you.
The orc priest invokes the aid of Beogh against you.
Beogh smites you!
* * * LOW HITPOINT WARNING * * *
Okay, then.
You hit the howler monkey but do no damage.
Your bite misses the howler monkey.
The howler monkey is heavily wounded.
The dart slug is no longer paralysed.
The orc is no longer paralysed.
The howler monkey barely misses you.
The giant cockroach bites you but does no damage.
The orc priest hits you from afar with a +0 trident.
You die...

##...##..>##
#..........##
......:.....#
............#
............#
$..g.......#
#<..# #h###
#@# #B# #o#


wo. ... ..... ..... ....... You could see a howler monkey (drained), an orc
priest, a dart slug, an orc and a giant cockroach.

Vanquished Creatures
  A centaur skeleton (D:3)
  An iguana (D:4)
  Natasha (thrice) (D:2)
  5 adders
  2 dart slugs
  2 orcs
  7 ball pythons
  6 endoplasms
  9 hobgoblins
  8 jackals
  5 kobolds
  3 quokkas
  5 bats
  3 frilled lizards (D:2)
  4 goblins
64 creatures vanquished.

Vanquished Creatures (others)
  A hobgoblin (D:1)
  A quokka (D:1)
2 creatures vanquished.

Grand Total: 66 creatures vanquished

Notes
Turn   | Place    | Note
-------+----------+-------------------------------------------
     0 | D:1      | Stomo444 the Vine Stalker Monk began the quest for the Orb.
     0 | D:1      | Reached XP level 1. HP: 11/11 MP: 2/2
   344 | D:1      | Reached XP level 2. HP: 10/16 MP: 3/3
  1003 | D:1      | Reached XP level 3. HP: 20/20 MP: 4/4
  1935 | D:2      | Noticed Natasha
  1949 | D:2      | Killed Natasha
  1950 | D:2      | Gained mutation: Your natural rate of healing is unusually
                  | fast. [Vine Stalker growth]
  1950 | D:2      | Reached XP level 4. HP: 18/24 MP: 5/5
  1950 | D:2      | Noticed Natasha
  1958 | D:2      | Killed Natasha
  2258 | D:2      | Noticed Natasha
  2276 | D:2      | Killed Natasha
  2277 | D:2      | Reached XP level 5. HP: 28/28 MP: 6/6
  2363 | D:2      | Found a faded altar of an unknown god.
  2436 | D:2      | Became a worshipper of Uskayaw the Reveller
  2436 | D:2      | Reached * piety under Uskayaw
  2436 | D:2      | Reached ** piety under Uskayaw
  2561 | D:3      | Found Quloh's Antique Armour Boutique.
  2629 | D:3      | Reached *** piety under Uskayaw
  2724 | D:3      | Reached skill level 1 in Spellcasting
  3019 | D:3      | Noticed pkoi's ghost (amateur TrMo)
  3021 | D:3      | Found a transporter.
  3029 | D:3      | Found a transporter.
  3269 | D:4      | Reached XP level 6. HP: 14/33 MP: 4/11
  3270 | D:4      | HP: 1/33 [orc priest/divine providence (10)]
  3271 | D:4      | Slain by an orc priest

Illustrated notes

Levels and vault maps discovered:
D:1:      mrwooster_arrival_statue, layout_loops_ring, st_stairs_9,
          lemuel_old_faithful
D:2:      layout_basic, shapermc_ecumenical_altar_mp_vishouse, uniq_natasha
D:3:      layout_basic, serial_shops, shop, gammafunk_ghost_arena
D:4:      layout_rooms, gammafunk_ghost_icy

Skill      XL: |  1  2  3  4  5 |
---------------+----------------+-----
Maces & Flails | 3 |  3.7
Fighting       | 3 |  3.7
Dodging        | 3 |  3.4
Spellcasting   | 2 |  2.6
Stealth        | |  2.4
Invocations    | |  0.5

Action                   |  1- 3 |  4- 6 || total
-------------------------+-------+-------++-------
Melee: Mace              |    48 |       ||    48
       Bite              |    13 |    29 ||    42
       Whip              |    16 |    99 ||   115
Invok: Stomp             |       |     2 ||     2
 Stab: Sleeping          |     3 |     6 ||     9
       Paralysed         |       |     1 ||     1
Armor: Robe              |    13 |    15 ||    28
Dodge: Dodged            |    53 |    66 ||   119
